 Dungeon Crawl Stone Soup version 0.31-a0-261-g072fdb8a1f (webtiles) character file.

Game seed: 8609935055938066305

3 qw the Vexing (level 1, 0/12 HPs)
             Began as a Gargoyle Hexslinger on July 13, 2023.
             Slain by a jackal (3 damage)
             ... on level 1 of the Dungeon.
             The game lasted 00:00:02 (71 turns).

qw the Vexing (Gargoyle Hexslinger)                   Turns: 71, Time: 00:00:03

Health: 0/12       AC:  4    Str: 11    XL:     1   Next: 50%
Magic:  2/2        EV: 12    Int: 13    God:
Gold:   12         SH:  0    Dex: 12    Spells: 1/2 levels left

rFire   . . .        a - +1 sling
rCold   . . .        (no shield)
rNeg    + . .        c - +0 robe
rPois   inf          (no helmet)
rElec   +            (no cloak)
rCorr   .            (no gloves)
SInv    .            (no boots)
Will    .....        (no amulet)
Stlth   +            (no ring)
HPRegen 0.22/turn    (no ring)
MPRegen 0.08/turn

%: no passive effects
@: no status effects
A: sickness immunity, AC +2, negative energy resistance 1, electricity
resistance, torment resistance 1, petrification resistance
a: no special abilities


You were on level 1 of the Dungeon.
You visited 1 branch of the dungeon, and saw 1 of its levels.

You collected 12 gold pieces.


Innate Abilities, Weirdness & Mutations

You are immune to sickness and miasma.
Your stone body is resilient. (AC +2)
You are immune to poison.
You resist negative energy. (rN+)
You are resistant to electric shocks. (rElec)
You are resistant to unholy torment.
You are immune to petrification.


   Skills:
 - Level 1.1 Fighting
 + Level 2.3 Ranged Weapons
 - Level 1.5 Dodging
 - Level 1.0 Spellcasting
 - Level 2.6 Hexes


You had one spell level left.
You knew the following spells:

 Your Spells              Type           Power      Damage    Failure   Level
a - Slow                  Hex            28%        N/A       10%         1

Your spell library contained the following spells:

 Spells                   Type           Power      Damage    Failure   Level
 Inner Flame              Hex/Fire       4%         N/A       43%         3
 Portal Projectile        Hex/Tloc       8%         N/A       43%         3
 Cause Fear               Hex            3%         N/A       67%         4

Inventory:

Hand Weapons
 a - a +1 sling (weapon)
Armour
 c - a +0 robe (worn)
Jewellery
 e - a ring of see invisible
Scrolls
 b - a scroll of poison
 d - a scroll of revelation {unknown}
 f - a scroll of summoning {unknown}
 g - a scroll of fog {unknown}

Dungeon Overview and Level Annotations

Branches:
Dungeon (1/15)

Altars:


Message History

The sling bullet hits the jackal but does no damage.
A jackal comes into view.
A ball python comes into view.
You shoot a sling bullet.
The sling bullet barely misses the jackal.
The jackal barks!
The ball python hisses angrily.
A jackal comes into view.
You shoot a sling bullet. The jackal barks!
The sling bullet hits the jackal but does no damage.
You shoot a sling bullet.
The sling bullet hits the jackal but does no damage.
The jackal completely misses you.
You shoot a sling bullet. The sling bullet hits the jackal.
The jackal is moderately wounded.
The jackal barely misses you.
The jackal bites you but does no damage.
You shoot a sling bullet. The sling bullet hits the jackal.
You kill the jackal!
The jackal closely misses you.
The jackal bites you but does no damage.
The jackal barely misses you.
You shoot a sling bullet.
The sling bullet completely misses the jackal.
The jackal closely misses you. x2; The hobgoblin drinks a potion.
The hobgoblin seems to speed up.
The jackal bites you but does no damage.
The jackal barely misses you. The jackal closely misses you.
You shoot a sling bullet. The sling bullet hits the jackal.
The jackal is moderately wounded.
The jackal barely misses you. x2; The jackal completely misses you. x2
The jackal bites you. The jackal completely misses you.
You shoot a sling bullet.
The sling bullet barely misses the jackal.
The jackal bites you but does no damage.
The jackal bites you. x4
You shoot a sling bullet.
The sling bullet barely misses the jackal.
The jackal bites you. The jackal barely misses you.
The jackal closely misses you. The jackal bites you.
You die...

... ... # ... ... #. .. ..
#.. #. .. ...##.##. #.
....Sg ... ##
..####hh#####... .#
......h@....#.##....
.....######........... . #.
#.# ####.....##...
#.###.##.###...........##
.#........................
.......P..#..P..#......##..
......PP....P7...........#
#....PP7P....777.....###..
#..#....7P...P.P...#.##


You could see 3 jackals, a hobgoblin (fast) and a ball python.

Vanquished Creatures
  A jackal (D:1)
  2 ball pythons (D:1)
3 creatures vanquished.

Notes
Turn   | Place    | Note
-------+----------+-------------------------------------------
     0 | D:1      | qw the Gargoyle Hexslinger began the quest for the Orb.
     0 | D:1      | Reached XP level 1. HP: 12/12 MP: 2/2
     0 | D:1      | 0 ||| qw: Version: 0.3-a-52-g30416fa
     0 | D:1      | 0 ||| qw: Game counter: 6968
     0 | D:1      | 0 ||| qw: Melee chars always use a shield: true
     0 | D:1      | 0 ||| qw: God list: Okawaru
     0 | D:1      | 0 ||| qw: Allow faded altars: false
     0 | D:1      | 0 ||| qw: Do Orc after clearing Dungeon:15 true
     0 | D:1      | 0 ||| qw: Do second Lair branch before Depths: true
     0 | D:1      | 0 ||| qw: Lair rune preference: random
     0 | D:1      | 0 ||| qw: Goals: Normal
     0 | D:1      | 0 ||| PLANNING D:1-11
    71 | D:1      | HP: 3/12 [jackal (2)]
    71 | D:1      | Slain by a jackal

Levels and vault maps discovered:
D:1:      spicycebolla_arrival_clurvy, layout_rooms,
          chequers_serial_rivers_room_b, chequers_arboretum, due_unseen_surprise

Action                     || total
---------------------------++-------
   Fire: Sling             ||    13
 Armour: Robe              ||     4
  Dodge: Dodged            ||    15

Table legend:
 A = Non-vault XP
 B = Vault XP
 C = Vault XP percentage of total XP
 D = Non-vault monster count
 E = Vault monster count
 F = Vault count percentage of total count
                 A         B        C        D         E       F
            +---------+---------+-------+---------+---------+-------
      Total |       5 |       0 |   0.0 |       3 |       0 |   0.0
            +---------+---------+-------+---------+---------+-------
        D:1 |       5 |       0 |   0.0 |       3 |       0 |   0.0
            +---------+---------+-------+---------+---------+-------
